[Event "Paul Keres Memorial Festival 2022"]
[Site "Pärnu, Estonia Resort Hotel & Spa"]
[Date "2022.07.18"]
[Round "1.1"]
[White "Kantans, Toms"]
[Black "Rosental, Urmas"]
[Result "1-0"]
[TimeControl "60 min for 30 moves + 30 min until game end, from first move every move 30 sec time increment"]
[WhiteTitle "GM"]
[WhiteFideId "11602945"]
[BlackFideId "4511441"]
[WhiteElo "2486"]
[BlackElo "1452"]

1. e4 e5 2. Nf3 Nc6 3. d4 exd4 4. Nxd4 d5 5. Bb5 Bd7 6. exd5 Nxd4 7. Bxd7+ Qxd7 8. Qxd4 Nf6 9. Nc3 b6 10.
O-O O-O-O 11. Bg5 Bc5 12. Qc4 Kb7 13. b4 Bd6 14. Rad1 h6 15. Bh4 Rde8 16. Bxf6 gxf6 17. Ne4 Be7 18.
d6 cxd6 19. Qxf7 Ref8 20. Rxd6 Rxf7 21. Rxd7+ Kb8 22. Nxf6 Rxf6 23. Rxe7 Rc6 24. Re2 Rhc8 25. f4 Rxc2 26. Rxc2 Rxc2 27. f5 Rc7 28. g4 Kc8 29. Kg2 Kd8 30.
Kg3 Rc2 31. Rf2 Rc4 32. a3 Ke7 33. Re2+ Kf7 34. Re3 Rc1 35. Kh4 1-0

[Event "Paul Keres Memorial Festival 2022"]
[Site "Pärnu, Estonia Resort Hotel & Spa"]
[Date "2022.07.18"]
[Round "1.2"]
[White "Pallum, Rasmus"]
[Black "Sulskis, Sarunas"]
[Result "0-1"]
[TimeControl "60 min for 30 moves + 30 min until game end, from first move every move 30 sec time increment"]
[BlackTitle "GM"]
[WhiteFideId "4511417"]
[BlackFideId "12800112"]
[WhiteElo "1435"]
[BlackElo "2481"]

1. Nf3 c5 2. e4 Nf6 3. Nc3 d5 4. exd5 Nxd5 5. Bb5+ Bd7 6. Bxd7+ Qxd7 7. Nxd5 Qxd5 8. d4 e6 9. dxc5 Qxd1+ 10. Kxd1 Bxc5 11. Ke2 Nd7 12. Rd1 Ke7 13. Ne1 Bd6 14. Be3 Rhc8 15. c3 Nb6 16. Bxb6 axb6 17. Nc2 Ra5 18. Ne3 h5 19.
Rd3 Be5 20. g3 g5 21. Kd2 f5 22. f3 f4 23. Nf1 fxg3 24. hxg3 h4 25. g4 h3 26. Kc2 h2 27. Nd2 Rxa2 28.
Rh1 b5 29. Kb3 Rca8 30. Ne4 Ra1 31. Rdd1 Rxd1 32. Rxd1 Bf4 33. Kb4 Ra4+ 34. Kxb5 Ra2 35. b4 Rg2 36. Rh1 Rg1 37. Nf2 Bg3 38.
c4 Kd7 39. c5 Kc7 40. Kc4 Kc6 41. b5+ Kc7 42. Kb4 Bxf2 43. Rxh2 Rb1+ 0-1

[Event "Paul Keres Memorial Festival 2022"]
[Site "Pärnu, Estonia Resort Hotel & Spa"]
[Date "2022.07.18"]
[Round "1.3"]
[White "Maiorov, Nikita"]
[Black "Haapsal, Maria Joanna"]
[Result "1-0"]
[TimeControl "60 min for 30 moves + 30 min until game end, from first move every move 30 sec time increment"]
[WhiteTitle "GM"]
[WhiteFideId "13501720"]
[BlackFideId "4512286"]
[WhiteElo "2474"]
[BlackElo "1375"]

1. d4 d5 2. c4 e6 3. Nc3 Nf6 4. cxd5 exd5 5. Bg5 Nbd7 6. e3 Be7 7. Bd3 O-O 8. Nf3 b6 9. O-O Bb7 10.
Rc1 c5 11. Qe2 c4 12. Bf5 h6 13. Bh4 a6 14. a4 Re8 15. Ne5 Nxe5 16. dxe5 Nd7 17. Bg3 Bb4 18. f4 Nc5 19. Rfd1 Bxc3 20.
bxc3 Qe7 21. Bb1 Bc6 22. Qg4 Qd7 23. Bf5 Qb7 24. Bh4 Kh8 25. Qh5 Kg8 26. Rf1 Bd7 27. Bb1 Ne4 28. Bxe4 dxe4 29.
Ra1 b5 30. Bg3 Qb6 31. Rad1 Bc6 32. Rd4 Rad8 33. f5 Qc5 34. axb5 axb5 35. f6 Qf8 36. e6 g6 37. exf7+ Kxf7 38.
Qd1 Rxd4 39. Qxd4 Rd8 40. Qb6 Be8 41. Qxd8 1-0

[Event "Paul Keres Memorial Festival 2022"]
[Site "Pärnu, Estonia Resort Hotel & Spa"]
[Date "2022.07.18"]
[Round "1.4"]
[White "Rajandu, Aaron"]
[Black "Smirnov, Artem"]
[Result "0-1"]
[TimeControl "60 min for 30 moves + 30 min until game end, from first move every move 30 sec time increment"]
[BlackTitle "IM"]
[WhiteFideId "4514734"]
[BlackFideId "4143256"]
[WhiteElo "1338"]
[BlackElo "2419"]

1. e4 c5 2. c3 d6 3. d4 Nf6 4. Bd3 e5 5. d5 g6 6. c4 Bg7 7. Nf3 O-O 8. O-O Ne8 9. Ne1 f5 10.
f3 f4 11. Rf2 h5 12. Be2 g5 13. Nc3 Nf6 14. h3 Rf7 15. Rf1 Bf8 16. Nd3 Rg7 17. Nf2 Nbd7 18. a3 Be7 19. b4 b6 20.
b5 Nf8 21. Bd2 Ng6 22. a4 a5 23. bxa6 Rxa6 24. Nb5 Nh8 25. Qe1 g4 26. hxg4 Nxg4 27. fxg4 Bh4 28. Qd1 Bg3 29. Be1 Qh4 30.
Nh3 hxg4 31. Bxg3 fxg3 32. Bf3 gxh3 33. Qe2 Ng6 34. Bh5 hxg2 0-1

[Event "Paul Keres Memorial Festival 2022"]
[Site "Pärnu, Estonia Resort Hotel & Spa"]
[Date "2022.07.18"]
[Round "1.5"]
[White "Chukavin, Kirill"]
[Black "Testelecs, Ilja Kuprijans"]
[Result "1-0"]
[TimeControl "60 min for 30 moves + 30 min until game end, from first move every move 30 sec time increment"]
[WhiteTitle "FM"]
[WhiteFideId "4503023"]
[BlackFideId "11613530"]
[WhiteElo "2418"]
[BlackElo "1319"]

1. e4 e5 2. Nf3 Nc6 3. Nc3 Nf6 4. Be2 Be7 5. d4 exd4 6. Nxd4 d6 7. O-O O-O 8. Be3 Ne5 9. h3 c6 10.
Qd2 Qc7 11. a4 a5 12. Rad1 Rd8 13. f4 Ng6 14. Qe1 d5 15. e5 Ne4 16. Nxe4 dxe4 17. Bc4 Bc5 18. Qc3 Bxd4 19. Bxd4 c5 20.
Be3 b6 21. Rxd8+ Qxd8 22. f5 Ne7 23. f6 Nd5 24. Rd1 Be6 25. Bxd5 Bxd5 26. Qd2 1-0

[Event "Paul Keres Memorial Festival 2022"]
[Site "Pärnu, Estonia Resort Hotel & Spa"]
[Date "2022.07.18"]
[Round "1.6"]
[White "Veski, Rauno"]
[Black "Olde, Margareth"]
[Result "0-1"]
[TimeControl "60 min for 30 moves + 30 min until game end, from first move every move 30 sec time increment"]
[BlackTitle "WIM"]
[WhiteFideId "4514378"]
[BlackFideId "4503082"]
[WhiteElo "1303"]
[BlackElo "2235"]

1. e4 d6 2. Nc3 e5 3. Bc4 Nf6 4. d3 Be7 5. f4 c6 6. Nf3 Nbd7 7. fxe5 Nxe5 8. Nxe5 dxe5 9. h3 b5 10.
Bb3 a5 11. a3 Qb6 12. a4 b4 13. Nb1 Nxe4 14. Qf3 Nf6 15. Be3 Bc5 16. Bg5 Nd5 17. Nd2 O-O 18. Nc4 Qc7 19. O-O-O Be6 20.
Rde1 f6 21. Bd2 Bf7 22. h4 Nb6 23. Nxb6 Bxb6 24. Bxf7+ Qxf7 25. b3 Qd5 26. Qe4 Bd4 27. g4 Rad8 28. Rhf1 Bc3 29. Qc4 Qxc4 30.
bxc4 Bxd2+ 31. Kxd2 Rd4 32. Rg1 Rfd8 33. Kc1 Kf7 34. Re3 Rf4 35. h5 Rdd4 36. Reg3 Ke6 37. R3g2 b3 38. Kb2 bxc2 39.
Kxc2 e4 40. Re2 Kd6 41. Re3 Kc5 42. Kc3 Rxd3+ 43. Rxd3 exd3 44. Kxd3 Rxc4 45. g5 Rh4 46. h6 gxh6 47. gxf6 Rf4 48.
Rc1+ Kd5 49. Rh1 Rf3+ 50. Kd2 Rxf6 51. Rh5+ Kc4 52. Rxa5 c5 53. Ra7 Kb4 54. Kd3 c4+ 55. Kd2 c3+ 56.
Kd3 Rf3+ 57. Kc2 Rf2+ 58. Kc1 Kb3 59. Rb7+ Kxa4 60. Rxh7 Rh2 61. Rb7 h5 62. Rb8 h4 63. Rb7 h3 64.
Rb8 Rh1+ 65. Kc2 h2 66. Rh8 Kb4 67. Rh4+ Kc5 68. Rh8 Ra1 0-1

[Event "Paul Keres Memorial Festival 2022"]
[Site "Pärnu, Estonia Resort Hotel & Spa"]
[Date "2022.07.18"]
[Round "1.7"]
[White "Golubovskis, Maksims"]
[Black "Õim, Mikk Kaarel"]
[Result "0-1"]
[TimeControl "60 min for 30 moves + 30 min until game end, from first move every move 30 sec time increment"]
[WhiteTitle "FM"]
[WhiteFideId "11608528"]
[BlackFideId "4514815"]
[WhiteElo "2219"]
[BlackElo "1297"]

1. e4 e5 2. Nf3 Nc6 3. d4 exd4 4.
Nxd4 Nf6 5. Nxc6 bxc6 6. e5 Qe7 7. Qe2 Nd5 8. h4 h6 9. c4 Ba6 10. Rh3 Nb6 11. b3 O-O-O 12. Bb2 d6 13.
exd6 Qxe2+ 14. Bxe2 cxd6 15. Nc3 Be7 16. a4 Bf6 17. a5 Nd7 18. b4 Rhe8 19. b5 Bb7 20. Kf1 c5 21. Rd1 Kc7 22.
b6+ axb6 23. Nb5+ Kb8 24. Nxd6 Bxg2+ 25. Kxg2 Rxe2 26. Nxf7 Rf8 27. Rxd7 Rxb2 28. a6 Ra2 29. Rb7+ Ka8 30. Rd3 Bd4 31. Rf3 Rxa6 32. Rc7 Kb8 33.
Rc6 Bf6 34. Nxh6 Kb7 35. Re6 b5 36. Rxa6 Kxa6 37. cxb5+ Kxb5 38. Nf5 c4 39. Nd4+ Ka4 40. Rf4 Rc8 41. Nf5 Kb3 42. Ne3 Rc5 43.
Kh3 c3 44. Kg4 Rb5 45. Kf3 Re5 46. Nf5 Re8 47. Nd6 Rd8 48. Nb7 Rd5 49. Re4 c2 50. Re1 Kb2 51. Re2 Kb1 0-1

[Event "Paul Keres Memorial Festival 2022"]
[Site "Pärnu, Estonia Resort Hotel & Spa"]
[Date "2022.07.18"]
[Round "1.8"]
[White "Köösel, Hans-Georg"]
[Black "Medar, Marti"]
[Result "0-1"]
[TimeControl "60 min for 30 moves + 30 min until game end, from first move every move 30 sec time increment"]
[WhiteFideId "4509595"]
[BlackFideId "4501870"]
[WhiteElo "1273"]
[BlackElo "2066"]

1. Nf3 e6 2. d4 c5 3. c4 cxd4 4. Nxd4 Nc6 5. Nc3 a6 6. e4 Qb6 7. Nb3 Nf6 8. Be3 Qc7 9. Be2 Bb4 10.
f3 O-O 11. O-O Rd8 12. Na4 Qe5 13. Nb6 Rb8 14. Qc1 Bd6 15. g3 Qh5 16. Qe1 Qg6 17. Rd1 Bc7 18. a3 a5 19. Nc1 h5 20. Nd3 Re8 21. b4 d5 22.
cxd5 Bxb6 23. Bxb6 exd5 24. Nf4 Qh6 25. Nxd5 Nxd5 26. exd5 Ne5 27. Qf2 axb4 28. axb4 Bh3 29. Rfe1 Rbc8 30.
Bb5 Nxf3+ 31. Kh1 Rxe1+ 32. Rxe1 Nxe1 33. Be3 Qd6 0-1

[Event "Paul Keres Memorial Festival 2022"]
[Site "Pärnu, Estonia Resort Hotel & Spa"]
[Date "2022.07.19"]
[Round "2.1"]
[White "Hannson, Markus"]
[Black "Kantans, Toms"]
[Result "0-1"]
[TimeControl "60 min for 30 moves + 30 min until game end, from first move every move 30 sec time increment"]
[BlackTitle "GM"]
[WhiteFideId "4505620"]
[BlackFideId "11602945"]
[WhiteElo "1745"]
[BlackElo "2486"]

1. c4 e5 2. Nc3 Nc6 3. g3 Bc5 4.
Bg2 d6 5. e3 a6 6. Nf3 Nf6 7. d4 exd4 8. exd4 Ba7 9. Qe2+ Ne7 10. Bg5 O-O 11. Bxf6 gxf6 12. O-O Rb8 13. b4 Ng6 14.
Rfe1 Bg4 15. Rad1 Qd7 16. Nd5 Kg7 17. Ne3 h5 18. h4 Rfe8 19. Qd3 c6 20. a4 f5 21. Nxg4 fxg4 22. Nd2 Re7 23.
Rxe7 Qxe7 24. Be4 d5 25. Bxg6 fxg6 26. c5 Re8 27. Nf1 Qf6 28. b5 axb5 29. axb5 b6 30. bxc6 bxc5 31. Qa3 Bb8 32.
c7 Bxc7 33. Qxc5 Bb6 34. Qxd5 Re2 35. Qb7+ Kh6 36. Qg2 Bxd4 37. Rxd4 Qxd4 38. Ne3 Qa1+ 39. Kh2 Qe1 40. Qa8 Rxf2+ 41. Ng2 Qc3 42. Qd5 Qd2 43. Qa8 Qd4 44. Qa5 Qe4 45. Qg5+ Kh7 0-1

[Event "Paul Keres Memorial Festival 2022"]
[Site "Pärnu, Estonia Resort Hotel & Spa"]
[Date "2022.07.19"]
[Round "2.2"]
[White "Sulskis, Sarunas"]
[Black "Rezniks, Roberts"]
[Result "1-0"]
[TimeControl "60 min for 30 moves + 30 min until game end, from first move every move 30 sec time increment"]
[WhiteTitle "GM"]
[WhiteFideId "12800112"]
[BlackFideId "11624884"]
[WhiteElo "2481"]
[BlackElo "1648"]

1. d4 Nf6 2. c4 c5 3. d5 b5 4. Qc2 d6 5. e4 g6 6. a4 b4 7. b3 Bg7 8. Bb2 Nbd7 9. Nd2 Qc7 10.
g3 Bb7 11. Ngf3 O-O-O 12. Bh3 Kb8 13. O-O h6 14. Rae1 Rde8 15. e5 Nh5 16. exd6 exd6 17. Bxg7 Nxg7 18. Qb2 Nh5 19. Re7 Rxe7 20.
Qxh8+ Bc8 21. Qxh6 Ne5 22. Nxe5 Rxe5 23. Bxc8 Qxc8 24. Nf3 Re2 25. Re1 Rxe1+ 26. Nxe1 Qe8 27. Nf3 Nf6 28. Qf4 Qe7 29.
Kg2 Kc7 30. Ng5 Kd7 31. g4 Ke8 32. h3 Nd7 33. Ne4 Ne5 34. h4 Nd3 35. Qe3 Ne5 36. Nxd6+ Kd7 37. Nb7 Nxg4 38. Nxc5+ Kd8 39.
Qxe7+ Kxe7 40. Na6 Ne5 41. Nxb4 1-0

[Event "Paul Keres Memorial Festival 2022"]
[Site "Pärnu, Estonia Resort Hotel & Spa"]
[Date "2022.07.19"]
[Round "2.3"]
[White "Rondo, Mikko"]
[Black "Maiorov, Nikita"]
[Result "0-1"]
[TimeControl "60 min for 30 moves + 30 min until game end, from first move every move 30 sec time increment"]
[BlackTitle "GM"]
[WhiteFideId "4509633"]
[BlackFideId "13501720"]
[WhiteElo "1579"]
[BlackElo "2474"]

1. Nf3 d5 2. g3 Nf6 3. Bg2 e6 4. O-O c5 5. d3 Nc6 6. Nbd2 Be7 7. e4 O-O 8. Re1 b5 9. exd5 Nxd5 10.
c4 bxc4 11. dxc4 Nb6 12. Ne5 Nxe5 13. Rxe5 Rb8 14. Qc2 Ba6 15. Rb1 Qd7 16. b3 Rfd8 17. Re1 Qd3 18. Be4 Qxc2 19. Bxc2 Nd7 20.
Ne4 Ne5 21. Ng5 Nd3 22. Bxd3 Rxd3 23. Be3 Rxe3 24. fxe3 Bxg5 25. Rbd1 Bc8 26. Rd6 Kf8 27. Rc6 Be7 28. Rd1 Ke8 29.
Rc7 a6 30. Kf2 g6 31. h3 h6 32. Rd2 Bd8 33. Rxc5 Bb7 34. b4 Bb6 35. Re5 Ke7 36. a4 Bc7 37. Rc5 Bd6 38. Rxd6 Kxd6 39.
Ra5 Kc7 40. Rc5+ Kd7 41. Ra5 Rc8 42. b5 Rc5 0-1

[Event "Paul Keres Memorial Festival 2022"]
[Site "Pärnu, Estonia Resort Hotel & Spa"]
[Date "2022.07.19"]
[Round "2.4"]
[White "Smirnov, Artem"]
[Black "Poltan, Jüri"]
[Result "1-0"]
[TimeControl "60 min for 30 moves + 30 min until game end, from first move every move 30 sec time increment"]
[WhiteTitle "IM"]
[WhiteFideId "4143256"]
[BlackFideId "4513813"]
[WhiteElo "2419"]
[BlackElo "1613"]

1. d4 d5 2. c4 e6 3. Nc3 Nf6 4. cxd5 exd5 5. Bg5 Be7 6. e3 O-O 7. Bd3 c6 8. Nge2 Bg4 9. f3 Be6 10.
O-O c5 11. Rc1 b6 12. Kh1 a6 13. Nf4 Qd6 14. dxc5 bxc5 15. Bxf6 Bxf6 16. Nfxd5 Bxd5 17. Nxd5 Rd8 18. Be4 Ra7 19.
Qc2 Nd7 20. Bxh7+ 1-0

[Event "Paul Keres Memorial Festival 2022"]
[Site "Pärnu, Estonia Resort Hotel & Spa"]
[Date "2022.07.19"]
[Round "2.5"]
[White "Valdats, Reinis"]
[Black "Chukavin, Kirill"]
[Result "0-1"]
[TimeControl "60 min for 30 moves + 30 min until game end, from first move every move 30 sec time increment"]
[BlackTitle "FM"]
[WhiteFideId "11617578"]
[BlackFideId "4503023"]
[WhiteElo "1514"]
[BlackElo "2418"]

1. e4 c5 2. Nf3 Nc6 3. d4 cxd4 4.
Nxd4 Qb6 5. Nb3 Nf6 6. Nc3 e6 7. Be3 Qc7 8. a3 a6 9. Be2 Be7 10. O-O b5 11. f4 d6 12. Bf3 Bb7 13.
Qe1 O-O 14. Qg3 Nd7 15. Rad1 Bf6 16. e5 dxe5 17. Rxd7 Qxd7 18. Nc5 exf4 19. Qxf4 Qe7 20. Nxb7 Qxb7 21. Ne4 Be5 22. Qh4 Qe7 23.
Ng5 h6 24. Be4 f5 25. Bxc6 hxg5 26. Qh5 Rac8 27. Bf3 Rxc2 28. Bxg5 Bf6 29. Be3 Rxb2 30. h3 Rb3 31. Bf2 Rxa3 32.
Re1 Ra1 33. Rxa1 Bxa1 34. Qg6 Qf6 0-1

[Event "Paul Keres Memorial Festival 2022"]
[Site "Pärnu, Estonia Resort Hotel & Spa"]
[Date "2022.07.19"]
[Round "2.6"]
[White "Olde, Margareth"]
[Black "Paikens, Reinis"]
[Result "1-0"]
[TimeControl "60 min for 30 moves + 30 min until game end, from first move every move 30 sec time increment"]
[WhiteTitle "WIM"]
[WhiteFideId "4503082"]
[BlackFideId "11624078"]
[WhiteElo "2235"]
[BlackElo "1567"]

1. c4 c5 2. Nf3 Nc6 3. d4 cxd4 4. Nxd4 Nf6 5. Nc3 d6 6. e4 e5 7. Nc2 Be6 8. Be2 Be7 9. O-O O-O 10.
b3 Rc8 11. Qd2 Qd7 12. Rd1 Rfd8 13. Ba3 a6 14. f3 h6 15. Nd5 Bxd5 16. cxd5 Na7 17. Bb4 Nh5 18. g3 Bg5 19. f4 Nxf4 20.
gxf4 Bxf4 21. Qd3 Qc7 22. Ne3 Qb6 23. Bd2 Nb5 24. Kh1 Nc3 25. Bxc3 Bxe3 26. Bg4 Rc7 27. Re1 Bf4 28. Bd2 Qf2 29.
Bxf4 Qxf4 30. Rg1 g6 31. Raf1 Qg5 32. Qf3 Kg7 33. Bf5 Qh4 34. Rg4 Qf6 35. Qg2 g5 36. h4 Kf8 37. Kg1 Qh8 38.
hxg5 hxg5 39. Rxg5 Ke7 40. Rg7 Rf8 41. Be6 Ke8 42. Bxf7+ Kd8 43. Qg5+ Re7 44. Rf6 Kc7 45. Rh6 Rfxf7 46. Qxe7+ 1-0

[Event "Paul Keres Memorial Festival 2022"]
[Site "Pärnu, Estonia Resort Hotel & Spa"]
[Date "2022.07.19"]
[Round "2.7"]
[White "Medar, Marti"]
[Black "Sepandi, Jaak"]
[Result "1-0"]
[TimeControl "60 min for 30 moves + 30 min until game end, from first move every move 30 sec time increment"]
[WhiteFideId "4501870"]
[BlackFideId "4504348"]
[WhiteElo "2066"]
[BlackElo "1507"]

1. c4 e6 2. Nc3 d5 3. d4 Nf6 4. cxd5 exd5 5. Bg5 Be7 6. e3 h6 7. Bh4 Bf5 8. Bxf6 gxf6 9. Qb3 b6 10.
Qxd5 Qxd5 11. Nxd5 Kd8 12. Nxe7 Kxe7 13. Rc1 c6 14. Ne2 Kd6 15. Ng3 Bg6 16. f4 f5 17. Bd3 Re8 18. Kf2 Nd7 19.
Bxf5 Nf6 20. Bxg6 fxg6 21. Kf3 Kd5 22. Rhe1 Ne4 23. Nxe4 Rxe4 24. Rxc6 Rxe3+ 25. Rxe3 Kxc6 26. Re6+ Kd5 27.
Rxg6 Kxd4 28. Rd6+ Kc5 29. Rd2 Rf8 30. g4 Re8 31. f5 a5 32. h4 b5 33. f6 a4 34. g5 hxg5 35. hxg5 Kc4 36.
f7 1-0

[Event "Paul Keres Memorial Festival 2022"]
[Site "Pärnu, Estonia Resort Hotel & Spa"]
[Date "2022.07.19"]
[Round "2.8"]
[White "Dzjuba, Jegor"]
[Black "Andrijashkin, Deniss"]
[Result "0-1"]
[TimeControl "60 min for 30 moves + 30 min until game end, from first move every move 30 sec time increment"]
[WhiteFideId "4516710"]
[BlackFideId "4504631"]
[WhiteElo "1495"]
[BlackElo "2006"]

1. d4 Nf6 2. Nf3 g6 3. Bf4 Bg7 4. e3 d6 5. c3 Nh5 6. Nbd2 Nxf4 7. exf4 O-O 8. g3 b6 9. Bg2 Bb7 10.
O-O c5 11. dxc5 bxc5 12. Qb3 Qc7 13. Rfe1 Nc6 14. Rad1 Rab8 15. Qc2 Ba6 16. Ne4 Qb6 17. b3 Rfe8 18. h4 Rbd8 19. h5 Bc8 20.
hxg6 hxg6 21. Neg5 Bf5 22. Qc1 Bg4 23. Rd3 Qa6 24. Rde3 d5 25. Ne5 Nxe5 26. fxe5 Bh6 27. f4 Bxg5 28.
fxg5 Qxa2 29. c4 d4 30. Rd3 Bf5 31. Be4 e6 32. Qf4 Bxe4 33. Qxe4 Qc2 34. Rf1 Rb8 35. Rxf7 Qxd3 36. Qxd3 Kxf7 37.
Qf3+ Ke7 38. Qc6 Rbd8 39. Qxc5+ Kf7 40. Qxa7+ Kg8 41. Kf1 d3 42. Ke1 d2+ 43. Kd1 Rf8 44. Qg1 Rf3 45. b4 Rc3 46.
Ke2 d1=Q+ 47. Qxd1 Rxd1 48. Kxd1 Rxc4 0-1

[Event "Paul Keres Memorial Festival 2022"]
[Site "Pärnu, Estonia Resort Hotel & Spa"]
[Date "2022.07.19"]
[Round "3.1"]
[White "Kantans, Toms"]
[Black "Medar, Marti"]
[Result "1-0"]
[TimeControl "60 min for 30 moves + 30 min until game end, from first move every move 30 sec time increment"]
[WhiteTitle "GM"]
[WhiteFideId "11602945"]
[BlackFideId "4501870"]
[WhiteElo "2486"]
[BlackElo "2066"]

1. e4 d6 2. d4 Nf6 3. Nc3 Nbd7 4. Nf3 e5 5. Bc4 Be7 6. O-O c6 7. a4 Qc7 8. Re1 O-O 9. Ba2 b6 10.
h3 a6 11. Be3 Rb8 12. Qd3 b5 13. axb5 axb5 14. b4 Nb6 15. Bb3 Be6 16. Bxe6 fxe6 17. Ng5 Qc8 18. Ra7 Re8 19. d5 exd5 20.
Bxb6 Rxb6 21. exd5 Rb7 22. Ra6 c5 23. bxc5 Qxc5 24. Rc6 Qb4 25. Qf5 Bf8 26. Rc8 Rxc8 27. Qe6+ 1-0

[Event "Paul Keres Memorial Festival 2022"]
[Site "Pärnu, Estonia Resort Hotel & Spa"]
[Date "2022.07.19"]
[Round "3.2"]
[White "Andrijashkin, Deniss"]
[Black "Sulskis, Sarunas"]
[Result "1/2-1/2"]
[TimeControl "60 min for 30 moves + 30 min until game end, from first move every move 30 sec time increment"]
[BlackTitle "GM"]
[WhiteFideId "4504631"]
[BlackFideId "12800112"]
[WhiteElo "2006"]
[BlackElo "2481"]

1. Nf3 d5 2. g3 Nd7 3. Bg2 e5 4. d3 Ngf6 5. O-O c6 6. e4 dxe4 7. dxe4 Bc5 8. Nbd2 O-O 9. Nh4 Nb6 10.
h3 a5 11. a4 Be6 12. Qf3 g6 13. Nb3 Be7 14. Bh6 Re8 15. Rfd1 Qc7 16. Nc5 Bxc5 17. Qxf6 Bf8 18. Bxf8 Rxf8 19.
Nf5 Bxf5 20. exf5 Rae8 21. Qh4 f6 22. fxg6 hxg6 23. Qh6 Qg7 24. Qe3 Qc7 25. Qh6 Qg7 26. Qe3 Qc7 27. Qh6 1/2-1/2

[Event "Paul Keres Memorial Festival 2022"]
[Site "Pärnu, Estonia Resort Hotel & Spa"]
[Date "2022.07.19"]
[Round "3.3"]
[White "Maiorov, Nikita"]
[Black "Raag, Ardi"]
[Result "1-0"]
[TimeControl "60 min for 30 moves + 30 min until game end, from first move every move 30 sec time increment"]
[WhiteTitle "GM"]
[WhiteFideId "13501720"]
[BlackFideId "4509269"]
[WhiteElo "2474"]
[BlackElo "1971"]

1. d4 d5 2. c4 e6 3. Nc3 Nf6 4. cxd5 exd5 5. Bg5 Be7 6. e3 h6 7. Bh4 O-O 8. Bd3 c5 9. dxc5 Nbd7 10.
Nge2 Nxc5 11. Bc2 b6 12. O-O Bb7 13. f3 Qd7 14. Nd4 g6 15. Bf2 Rad8 16. Rc1 Kg7 17. b4 Ne6 18. Ba4 b5 19.
Bxb5 Qd6 20. a3 Nxd4 21. Qxd4 Ba6 22. Qxa7 Ra8 23. Qd4 Bxb5 24. Nxb5 Qd7 25. Qd3 Rfb8 26. Nd4 Qa4 27. Nc6 Rb7 28.
Rc3 1-0

[Event "Paul Keres Memorial Festival 2022"]
[Site "Pärnu, Estonia Resort Hotel & Spa"]
[Date "2022.07.19"]
[Round "3.4"]
[White "Olde, Grete"]
[Black "Smirnov, Artem"]
[Result "0-1"]
[TimeControl "60 min for 30 moves + 30 min until game end, from first move every move 30 sec time increment"]
[WhiteTitle "WCM"]
[BlackTitle "IM"]
[WhiteFideId "4503104"]
[BlackFideId "4143256"]
[WhiteElo "1904"]
[BlackElo "2419"]

1. e4 c5 2. Nc3 Nc6 3. g3 g6 4. Bg2 Bg7 5. d3 d6 6. f4 e6 7. Nf3 Nge7 8. O-O O-O 9. Be3 b6 10.
d4 d5 11. exd5 Nf5 12. Bf2 Ncxd4 13. dxe6 Bxe6 14. g4 Ne7 15. Ng5 Bc4 16. Re1 h6 17. Nh3 Nec6 18. f5 Re8 19. Rxe8+ Qxe8 20.
Ne4 Be2 21. Qd2 Nf3+ 22. Bxf3 Bxf3 23. Nd6 Qd7 24. Qf4 Ne5 25. Nc4 Qd5 26. Nxe5 Bxe5 27. Qxh6 Bh1 28. Kf1 Qg2+ 29. Ke1 Re8 30.
Be3 Bd4 0-1

[Event "Paul Keres Memorial Festival 2022"]
[Site "Pärnu, Estonia Resort Hotel & Spa"]
[Date "2022.07.19"]
[Round "3.5"]
[White "Chukavin, Kirill"]
[Black "Protassov, Vlad"]
[Result "1-0"]
[TimeControl "60 min for 30 moves + 30 min until game end, from first move every move 30 sec time increment"]
[WhiteTitle "FM"]
[WhiteFideId "4503023"]
[BlackFideId "4507010"]
[WhiteElo "2418"]
[BlackElo "1824"]

1. e4 c6 2. d3 d5 3. Nd2 e5 4. Ngf3 Bd6 5. g3 Nf6 6. Bg2 O-O 7. O-O Nbd7 8. Re1 Qc7 9. c3 dxe4 10.
dxe4 Rd8 11. Qc2 a5 12. Nc4 Be7 13. Bg5 b5 14. Ne3 g6 15. a4 Bb7 16. Ng4 Kg7 17. Rad1 h5 18. Ne3 Nc5 19.
axb5 Ncxe4 20. b6 Qxb6 21. Nc4 Qc5 22. Rxd8 Rxd8 23. Rxe4 Nxe4 24. Bxe7 Qxe7 25. Qxe4 Rd1+ 26. Bf1 c5 27. Qxe5+ Qxe5 28. Nfxe5 f6 29.
Nxa5 Be4 30. Nec4 Bd3 31. Ne3 Rb1 32. Nac4 Bxf1 33. Nxf1 Kf7 34. Kg2 Ke6 35. Nfe3 Rc1 36. Nd2 Ra1 37.
Nb3 1-0

[Event "Paul Keres Memorial Festival 2022"]
[Site "Pärnu, Estonia Resort Hotel & Spa"]
[Date "2022.07.19"]
[Round "3.6"]
[White "Agrest, Simon"]
[Black "Olde, Margareth"]
[Result "0-1"]
[TimeControl "60 min for 30 moves + 30 min until game end, from first move every move 30 sec time increment"]
[BlackTitle "WIM"]
[BlackFideId "4503082"]
[WhiteElo "1802"]
[BlackElo "2235"]

1. e4 c5 2. Nc3 Nc6 3. g3 g6 4. Bg2 Bg7 5. d3 d6 6. f4 e6 7. Nf3 Nge7 8. O-O O-O 9. Be3 b6 10.
h3 d5 11. Bf2 Ba6 12. e5 Qc7 13. Ne2 Rac8 14. c3 Rfd8 15. g4 h6 16. h4 b5 17. Kh1 d4 18. cxd4 Nxd4 19. Nfxd4 cxd4 20.
Bxd4 Bb7 21. Rc1 Bxg2+ 22. Kxg2 Qb7+ 23. Kg3 Rxc1 24. Qxc1 h5 25. Rf3 hxg4 26. Kxg4 Nf5 27. Bf2 f6 28.
d4 Kh7 29. Qc3 fxe5 30. dxe5 b4 31. Qe1 Qe4 32. Ng1 Qc4 33. Nh3 Bh6 34. b3 Qb5 35. Qc1 Qxe5 36. Ng5+ Bxg5 37. hxg5 Qd5 38.
Qa1 Ng7 39. Qf6 Qd1 40. Qe5 Rd2 41. Qe1 Qc2 42. Qe3 Qf5+ 43. Kg3 Rxa2 44. Kg2 Nh5 45. Kf1 Ra1+ 46. Ke2 Qb5+ 47. Qd3 Ra2+ 48.
Ke3 Qc5+ 49. Qd4 Qc1+ 50. Ke4 Re2+ 51. Re3 Qc6+ 52. Ke5 Qc7+ 53. Qd6 Qxd6+ 54. Kxd6 Rxf2 55. Rxe6 Rxf4 56. Re7+ Ng7 57.
Rxa7 Rf3 58. Rb7 Rxb3 59. Ke5 Rf3 60. Rxb4 Rf5+ 61. Kd6 Rxg5 62. Ke7 Re5+ 63. Kf6 Rf5+ 64. Ke7 g5 65. Rb6 g4 66.
Rb4 Rg5 67. Kf6 Kh6 68. Rb8 Rf5+ 69. Ke7 Kg6 70. Rb4 Re5+ 71. Kf8 Re8# 0-1